[Event "35th European Club Cup 2019"]
[Site "Ulcinj"]
[Date "2019.11.13"]
[Round "4.22"]
[White "Csonka, Attila Istvan"]
[Black "Bartos, Jan"]
[Result "1/2-1/2"]
[ECO "B15"]
[WhiteElo "2348"]
[BlackElo "2136"]
[Annotator "NA"]
[PlyCount "90"]
[EventDate "2019.11.10"]
[EventType "team-tourn"]
[EventCountry "MNE"]
[SourceTitle "playchess.com"]
[Source "ChessBase"]
[SourceQuality "1"]
[WhiteTeam "Dunajska Streda"]
[BlackTeam "Unichess"]
[TimeControl "40/5400+30:1800+30"]

1. e4 c6 2. d4 d5 3. Nc3 dxe4 4. Nxe4 Nf6 5. Ng3 c5 6. Nf3 Nc6 7. Be3 cxd4 8. Nxd4 Bd7 9. Nxc6 Bxc6 10. Qxd8+ Kxd8 11. O-O-O+ Nd7 12. Nf5 e5 13. Bc4 f6 14. Rd2 Kc7 15. Rhd1 Nb6 16. Bb3 Be4 17. Bxb6+ Kxb6 18. Ne3 Bc5 19. Rd7 Bxe3+ 20. fxe3 Bxg2 21. Rxg7 Bc6 22. Rd6 f5 23. Rf6 f4 24. exf4 exf4 25. Rxf4 Rae8 26. Ba4 Re2 27. Bxc6 bxc6 28. Rb4+ Kc5 29. Rh4 Rf8 30. b4+ Kb6 31. a4 Rff2 32. Rc4 Rxh2 33. a5+ Kb5 34. Rc3 Kxb4 35. Kb2 Kxa5 36. Rb7 Ka6 37. Rb8 Re5 38. Rxc6+ Ka5 39. Ka3 Rb5 40. Ra8 Rb7 41. Rc5+ Ka6 42. Rc6+ Rb6 43. Rc7 Rb7 44. Rc6+ Rb6 45. Rc7 Rb7 1/2-1/2

[Event "35th European Club Cup 2019"]
[Site "Ulcinj"]
[Date "2019.11.13"]
[Round "4.23"]
[White "Lamser, Jan"]
[Black "Meszaros, Michal"]
[Result "0-1"]
[ECO "A04"]
[WhiteElo "2134"]
[BlackElo "2355"]
[Annotator "NA"]
[PlyCount "44"]
[EventDate "2019.11.10"]
[EventType "team-tourn"]
[EventCountry "MNE"]
[SourceTitle "playchess.com"]
[Source "ChessBase"]
[SourceQuality "1"]
[WhiteTeam "Unichess"]
[BlackTeam "Dunajska Streda"]
[TimeControl "40/5400+30:1800+30"]

1. Nf3 c5 2. e3 g6 3. d4 Bg7 4. Bd3 Nf6 5. O-O O-O 6. c3 d6 7. dxc5 dxc5 8. Qe2 Qc7 9. Nbd2 Nc6 10. Rd1 a6 11. Ne4 Nd7 12. c4 b6 13. Nc3 e6 14. Bd2 Bb7 15. Rac1 Rad8 16. Be1 h6 17. h4 f5 18. e4 f4 19. e5 Nd4 20. Nxd4 cxd4 21. Ne4 f3 22. gxf3 Nxe5 0-1

[Event "35th European Club Cup 2019"]
[Site "Ulcinj"]
[Date "2019.11.13"]
[Round "4.24"]
[White "Gnichtel, Gerd"]
[Black "Richard, Emma"]
[Result "1/2-1/2"]
[ECO "E11"]
[WhiteElo "2134"]
[BlackElo "2157"]
[Annotator "NA"]
[PlyCount "93"]
[EventDate "2019.11.10"]
[EventType "team-tourn"]
[EventCountry "MNE"]
[SourceTitle "playchess.com"]
[Source "ChessBase"]
[SourceQuality "1"]
[WhiteTeam "De Sprenger Echternach"]
[BlackTeam "Mulhouse"]
[TimeControl "40/5400+30:1800+30"]

1. d4 Nf6 2. c4 e6 3. Nf3 Bb4+ 4. Bd2 a5 5. g3 d6 6. Bg2 Nbd7 7. O-O e5 8. e3 c6 9. Qc2 e4 10. Ng5 d5 11. cxd5 cxd5 12. f3 h6 13. Nh3 exf3 14. Bxf3 Nb6 15. Nf4 O-O 16. Bxb4 axb4 17. Qc5 b3 18. Nc3 bxa2 19. Rxa2 Rxa2 20. Nxa2 g5 21. Nh5 Nxh5 22. Bxh5 Nc4 23. Bf3 Be6 24. Nc3 Nxe3 25. Re1 b6 26. Qb5 Nc2 27. Rd1 Qf6 28. Bxd5 Nxd4 29. Qxb6 Nf3+ 30. Kh1 Ne5 31. Bg2 Nc4 32. Qc6 Rc8 33. Nd5 Qd8 34. Qb7 Kg7 35. b3 Nd6 36. Qb4 Nf5 37. Qe1 Bxd5 38. Rxd5 Qf6 39. Rd1 Qc3 40. Qxc3+ Rxc3 41. Rb1 Ne3 42. b4 Nc4 43. Kg1 Na3 44. Rb2 Nc4 45. Rb1 Na3 46. Rb2 Nc4 47. Rb1 1/2-1/2

[Event "35th European Club Cup 2019"]
[Site "Ulcinj"]
[Date "2019.11.13"]
[Round "4.26"]
[White "Basso, Pier Luigi"]
[Black "Alekseev, Evgeny"]
[Result "1-0"]
[ECO "D38"]
[WhiteElo "2563"]
[BlackElo "2623"]
[Annotator "ChessBase"]
[PlyCount "129"]
[EventDate "2019.11.10"]
[EventType "team-tourn"]
[EventCountry "MNE"]
[SourceTitle "playchess.com"]
[Source "ChessBase"]
[SourceQuality "1"]
[WhiteTeam "WorldTradingLab Club"]
[BlackTeam "Law & Order"]
[TimeControl "40/5400+30:1800+30"]

1. d4 Nf6 2. c4 e6 3. Nf3 d5 4. Nc3 Bb4 5. cxd5 exd5 6. Bg5 h6 7. Bh4 O-O 8. e3 Bf5 9. Be2 Nbd7 10. Qb3 Bxc3+ 11. Qxc3 c6 12. Nd2 Ne4 13. Bxd8 Nxc3 14. bxc3 Rfxd8 15. a4 Rac8 16. Nf1 c5 17. Ng3 Bh7 18. Kd2 Nf6 19. f3 Ne8 20. a5 Rc7 21. Ra3 Nd6 22. Rha1 Bg6 23. h4 Re8 24. h5 Bh7 25. Ra4 Kf8 26. Bf1 Re6 27. dxc5 Rxc5 28. Rb4 Re7 29. Rd4 Rec7 30. e4 Rxc3 31. Rxd5 Ke7 32. Bd3 Rb3 33. Ra2 f6 34. Rc2 Rc6 35. Rxc6 bxc6 36. Rc5 Kd7 37. Ne2 Nb5 38. Bxb5 Rxb5 39. Rxb5 cxb5 40. Kc3 Kd6 41. Nd4 a6 42. Kb4 g6 43. hxg6 Bxg6 44. Nb3 f5 45. e5+ Kxe5 46. Nc5 h5 47. Nxa6 h4 48. Nc5 Be8 49. a6 Bc6 50. Nd3+ Kd4 51. Nf4 Ke3 52. Ng6 h3 53. gxh3 Bxf3 54. h4 f4 55. a7 Ba8 56. h5 f3 57. Ne5 f2 58. Ng4+ Kf4 59. Nxf2 Kg5 60. Kxb5 Kxh5 61. Kb6 Kg6 62. Kc7 Kf6 63. Kb8 Bg2 64. Nd3 Ke7 65. Nc5 1-0

[Event "35th European Club Cup 2019"]
[Site "Ulcinj"]
[Date "2019.11.13"]
[Round "4.27"]
[White "Rakhmanov, Aleksandr"]
[Black "Lopez Martinez, Josep Manuel"]
[Result "1-0"]
[ECO "A04"]
[WhiteElo "2638"]
[BlackElo "2567"]
[Annotator "ChessBase"]
[PlyCount "89"]
[EventDate "2019.11.10"]
[EventType "team-tourn"]
[EventCountry "MNE"]
[SourceTitle "playchess.com"]
[Source "ChessBase"]
[SourceQuality "1"]
[WhiteTeam "Law & Order"]
[BlackTeam "WorldTradingLab Club"]
[TimeControl "40/5400+30:1800+30"]

1. Nf3 e6 2. g3 d5 3. Bg2 Nf6 4. b3 Be7 5. Bb2 O-O 6. c4 b6 7. O-O Bb7 8. e3 c5 9. Nc3 dxc4 10. bxc4 Nc6 11. Qe2 Rc8 12. Rad1 Qc7 13. Ne1 Rfd8 14. f4 Nb4 15. Bxb7 Qxb7 16. a3 Nc6 17. g4 a6 18. Ng2 b5 19. g5 Ne8 20. cxb5 axb5 21. Nxb5 c4 22. a4 Nb4 23. h4 Qa8 24. f5 exf5 25. Rxf5 Nd6 26. Nxd6 Rxd6 27. Qf1 Nd5 28. Bxg7 Kxg7 29. Rxf7+ Kg8 30. Qf5 Rg6 31. h5 Nxe3 32. dxe3 Rc5 33. Qf2 Re6 34. g6 hxg6 35. h6 Rg5 36. h7+ Kh8 37. Rd7 Bc5 38. Qb2+ Ree5 39. Kf1 c3 40. Qb7 Qe8 41. Rg7 Rgf5+ 42. Kg1 Bxe3+ 43. Nxe3 Rg5+ 44. Kf2 Rgf5+ 45. Nxf5 1-0

[Event "35th European Club Cup 2019"]
[Site "Ulcinj"]
[Date "2019.11.13"]
[Round "4.29"]
[White "Rozum, Ivan"]
[Black "Barp, Alberto"]
[Result "1/2-1/2"]
[ECO "A08"]
[WhiteElo "2593"]
[BlackElo "2382"]
[Annotator "ChessBase"]
[PlyCount "65"]
[EventDate "2019.11.10"]
[EventType "team-tourn"]
[EventCountry "MNE"]
[SourceTitle "playchess.com"]
[Source "ChessBase"]
[SourceQuality "1"]
[WhiteTeam "Law & Order"]
[BlackTeam "WorldTradingLab Club"]
[TimeControl "40/5400+30:1800+30"]

1. Nf3 d5 2. g3 c5 3. Bg2 Nc6 4. d4 Nf6 5. O-O e6 6. c4 dxc4 7. dxc5 Qxd1 8. Rxd1 Bxc5 9. Nbd2 c3 10. bxc3 O-O 11. Nb3 Be7 12. Nfd4 Bd7 13. Nb5 Rfd8 14. c4 Rac8 15. Bb2 b6 16. Nd6 Bxd6 17. Rxd6 Be8 18. Rxd8 Nxd8 19. Rc1 Bc6 20. f3 Nd7 21. c5 Bd5 22. cxb6 Rxc1+ 23. Nxc1 axb6 24. e4 Bc4 25. Bf1 Bxf1 26. Kxf1 Nc6 27. Nd3 Kf8 28. Ke2 g6 29. Nf2 Ke7 30. Ba3+ Ke8 31. Bb2 Ke7 32. Ba3+ Ke8 33. Bb2 1/2-1/2

[Event "35th European Club Cup 2019"]
[Site "Ulcinj"]
[Date "2019.11.13"]
[Round "4.30"]
[White "Seresin, Francesco"]
[Black "Sychev, Klementy"]
[Result "1/2-1/2"]
[ECO "D85"]
[WhiteElo "2367"]
[BlackElo "2578"]
[Annotator "ChessBase"]
[PlyCount "38"]
[EventDate "2019.11.10"]
[EventType "team-tourn"]
[EventCountry "MNE"]
[SourceTitle "playchess.com"]
[Source "ChessBase"]
[SourceQuality "1"]
[WhiteTeam "WorldTradingLab Club"]
[BlackTeam "Law & Order"]
[TimeControl "40/5400+30:1800+30"]

1. d4 Nf6 2. c4 g6 3. Nc3 d5 4. cxd5 Nxd5 5. e4 Nxc3 6. bxc3 Bg7 7. Nf3 c5 8. Be3 Qa5 9. Qd2 O-O 10. Rb1 b6 11. h4 Rd8 12. Bc4 Nc6 13. Rc1 cxd4 14. cxd4 e6 15. Bg5 Qxd2+ 16. Kxd2 Rd6 17. Bf4 Rd8 18. Bg5 Rd6 19. Bf4 Rd8 1/2-1/2

[Event "35th European Club Cup 2019"]
[Site "Ulcinj"]
[Date "2019.11.13"]
[Round "4.33"]
[White "Parkhov, Yair"]
[Black "Bosiocic, Marin"]
[Result "0-1"]
[ECO "E10"]
[WhiteElo "2368"]
[BlackElo "2598"]
[Annotator "ChessBase"]
[PlyCount "92"]
[EventDate "2019.11.10"]
[EventType "team-tourn"]
[EventCountry "MNE"]
[SourceTitle "playchess.com"]
[Source "ChessBase"]
[SourceQuality "1"]
[WhiteTeam "Rehovot"]
[BlackTeam "Valerenga"]
[TimeControl "40/5400+30:1800+30"]

1. d4 Nf6 2. c4 e6 3. Nf3 d5 4. g3 Bb4+ 5. Bd2 Be7 6. Bg2 c6 7. O-O Nbd7 8. Qb3 Nb6 9. Ba5 dxc4 10. Qc2 Qd5 11. Bxb6 axb6 12. Ne5 Qd6 13. Qxc4 O-O 14. Nc3 Nd7 15. f4 Nxe5 16. fxe5 Qb4 17. Qxb4 Bxb4 18. Ne4 Rd8 19. e3 Bd7 20. a3 Be7 21. Rac1 Be8 22. Rc2 Ra5 23. Nd2 f6 24. Bh3 f5 25. Nb3 Ra4 26. Rc3 h5 27. Bg2 g5 28. h3 Bg6 29. g4 fxg4 30. hxg4 hxg4 31. Nd2 c5 32. Nb3 c4 33. Nd2 Bd3 34. Rfc1 b5 35. b3 Rxa3 36. bxc4 b4 37. Rb3 b6 38. c5 bxc5 39. dxc5 Be2 40. Rxa3 bxa3 41. Nb3 Rd1+ 42. Kf2 Rxc1 43. Nxc1 Bc4 44. c6 Bd8 45. Kg3 Kg7 46. Kxg4 Kh6 0-1

[Event "35th European Club Cup 2019"]
[Site "Ulcinj"]
[Date "2019.11.13"]
[Round "4.34"]
[White "Predojevic, Borki"]
[Black "Zlatin, Alexander"]
[Result "1-0"]
[ECO "D71"]
[WhiteElo "2621"]
[BlackElo "2296"]
[Annotator "ChessBase"]
[PlyCount "79"]
[EventDate "2019.11.10"]
[EventType "team-tourn"]
[EventCountry "MNE"]
[SourceTitle "playchess.com"]
[Source "ChessBase"]
[SourceQuality "1"]
[WhiteTeam "Valerenga"]
[BlackTeam "Rehovot"]
[TimeControl "40/5400+30:1800+30"]

1. d4 Nf6 2. c4 g6 3. g3 Bg7 4. Bg2 O-O 5. Nf3 d6 6. O-O c5 7. dxc5 dxc5 8. Ne5 Qc7 9. Nd3 Nbd7 10. Nc3 a6 11. e4 e5 12. Be3 b6 13. Rc1 Bb7 14. b4 cxb4 15. Nxb4 Rfd8 16. Ncd5 Qd6 17. Nxf6+ Nxf6 18. Nd5 Nxd5 19. exd5 Bc8 20. Rb1 Rb8 21. Rxb6 Rxb6 22. c5 Qd7 23. cxb6 Bb7 24. Qb3 Bf8 25. Rc1 Bd6 26. a4 Rc8 27. a5 f5 28. Rc6 e4 29. Bf1 h5 30. Bf4 Bxf4 31. gxf4 Kh7 32. Rxc8 Qxc8 33. Qc4 Qg8 34. Qc7+ Kh8 35. Qe5+ Kh7 36. Qe7+ Kh8 37. d6 e3 38. d7 exf2+ 39. Kxf2 Qa2+ 40. Be2 1-0

[Event "35th European Club Cup 2019"]
[Site "Ulcinj"]
[Date "2019.11.13"]
[Round "4.35"]
[White "Gorodetzky, Matan"]
[Black "Romanov, Evgeny"]
[Result "0-1"]
[ECO "B06"]
[WhiteElo "2273"]
[BlackElo "2597"]
[Annotator "ChessBase"]
[PlyCount "76"]
[EventDate "2019.11.10"]
[EventType "team-tourn"]
[EventCountry "MNE"]
[SourceTitle "playchess.com"]
[Source "ChessBase"]
[SourceQuality "1"]
[WhiteTeam "Rehovot"]
[BlackTeam "Valerenga"]
[TimeControl "40/5400+30:1800+30"]

1. e4 g6 2. d4 Bg7 3. Nf3 d6 4. Nc3 a6 5. a4 Nf6 6. h3 O-O 7. Be3 Nc6 8. Qd2 e5 9. dxe5 dxe5 10. Rd1 Qe7 11. Bg5 Qb4 12. Bd3 Qxb2 13. Bxf6 Bxf6 14. Nd5 Bg7 15. O-O Qa3 16. Nxc7 Rb8 17. c3 Rd8 18. Qc2 Qc5 19. Qb2 b5 20. Be2 Rxd1 21. Rxd1 bxa4 22. Qa2 Rb7 23. Nxa6 Qxc3 24. Qxa4 Nd4 25. Nxd4 exd4 26. e5 h5 27. Rxd4 Qe1+ 28. Bf1 Rb1 29. Qc4 Be6 30. Qd3 Bf5 31. Qc4 Be6 32. Qd3 Bf5 33. Qc4 Bxe5 34. Rd8+ Kg7 35. Nc5 Rb2 36. Nd3 Bxd3 37. Qxd3 Qxf2+ 38. Kh1 Qf4 0-1

[Event "35th European Club Cup 2019"]
[Site "Ulcinj"]
[Date "2019.11.13"]
[Round "4.36"]
[White "Kaasen, Tor Fredrik"]
[Black "Mikhalevski, Alexander"]
[Result "0-1"]
[ECO "D31"]
[WhiteElo "2405"]
[BlackElo "2425"]
[Annotator "NA"]
[PlyCount "136"]
[EventDate "2019.11.10"]
[EventType "team-tourn"]
[EventCountry "MNE"]
[SourceTitle "playchess.com"]
[Source "ChessBase"]
[SourceQuality "1"]
[WhiteTeam "Valerenga"]
[BlackTeam "Rehovot"]
[TimeControl "40/5400+30:1800+30"]

1. d4 d5 2. c4 e6 3. Nc3 Be7 4. cxd5 exd5 5. Bf4 Nf6 6. e3 O-O 7. Bd3 c5 8. Nge2 Nc6 9. O-O Bg4 10. dxc5 Bxc5 11. h3 Bxe2 12. Nxe2 d4 13. Rc1 Bb6 14. e4 Nd7 15. Bc4 Qh4 16. Bd5 Nf6 17. Bg3 Qg5 18. Nf4 Nxd5 19. Nxd5 Rfe8 20. Re1 Ba5 21. Re2 Rad8 22. Rc4 f5 23. exf5 Qxf5 24. Rxc6 Rxe2 25. Qxe2 Qxd5 26. Re6 h6 27. Re5 d3 28. Qg4 Qd7 29. Qd1 d2 30. Rxa5 Rc8 31. Kh2 Rc1 32. Qb3+ Kh8 33. Rd5 Qxd5 34. Qxd5 d1=Q 35. Qxd1 Rxd1 36. Be5 Kg8 37. Kg3 Kf7 38. Bc3 g6 39. Kf3 Rh1 40. Ke4 Ke6 41. Bg7 Re1+ 42. Kf3 h5 43. Bc3 Rc1 44. a3 Rc2 45. Ke3 b6 46. Bd4 Kd5 47. Bf6 a5 48. g4 h4 49. Kf3 b5 50. Bg7 Ke6 51. Bc3 b4 52. Bd4 Kd5 53. Bf6 Kc4 54. g5 Kd5 55. axb4 axb4 56. Ke3 b3 57. Bg7 Ke6 58. Bf6 Kf5 59. Kf3 Rd2 60. Ke3 Rd1 61. Kf3 Rd3+ 62. Kg2 Kf4 63. Be7 Rd2 64. Bf6 Rc2 65. Bd4 Kxg5 66. Kf3 Kf5 67. Bg7 Rd2 68. Ke3 Rd1 {[%emt 0:00:08] Kd4 Ke5+} 0-1

[Event "35th European Club Cup 2019"]
[Site "Ulcinj"]
[Date "2019.11.14"]
[Round "5.1"]
[White "Leenhouts, Koen"]
[Black "Admiraal, Miguoel"]
[Result "1/2-1/2"]
[ECO "B11"]
[WhiteElo "2424"]
[BlackElo "2510"]
[Annotator "ChessBase"]
[PlyCount "60"]
[EventDate "2019.11.10"]
[EventType "team-tourn"]
[EventCountry "MNE"]
[SourceTitle "playchess.com"]
[Source "ChessBase"]
[SourceQuality "1"]
[WhiteTeam "HWP Sas van Gent"]
[BlackTeam "Kennemer Combinatie"]
[TimeControl "40/5400+30:1800+30"]

1. e4 c6 2. Nc3 d5 3. Nf3 Bg4 4. h3 Bxf3 5. Qxf3 e6 6. d4 Nf6 7. exd5 cxd5 8. Bd3 Nc6 9. Ne2 Be7 10. c3 h6 11. O-O O-O 12. Ng3 Re8 13. Be3 Rb8 14. Rad1 b5 15. Bb1 Na5 16. Nh5 Nxh5 17. Qxh5 b4 18. Bxh6 gxh6 19. Qxh6 f5 20. Qg6+ Kf8 21. Qh6+ Kg8 22. Qg6+ Kf8 23. Qh6+ Kg8 24. Qg6+ Kf8 25. Qh6+ Kg8 26. Qg6+ Kf8 27. Qh6+ Kg8 28. Qg6+ Kf8 29. Qh6+ Kg8 30. Qg6+ Kf8 1/2-1/2

[Event "35th European Club Cup 2019"]
[Site "Ulcinj"]
[Date "2019.11.14"]
[Round "5.2"]
[White "Postny, Evgeny"]
[Black "Gozzoli, Yannick"]
[Result "0-1"]
[ECO "D70"]
[WhiteElo "2615"]
[BlackElo "2600"]
[Annotator "RC"]
[PlyCount "96"]
[EventDate "2019.11.10"]
[EventType "team-tourn"]
[EventCountry "MNE"]
[SourceTitle "playchess.com"]
[Source "ChessBase"]
[SourceQuality "1"]
[WhiteTeam "Beer Sheva"]
[BlackTeam "Asnieres"]
[TimeControl "40/5400+30:1800+30"]

1. c4 Nf6 2. d4 g6 3. Nf3 Bg7 4. e3 O-O 5. Be2 d6 6. Nc3 Bf5 7. O-O Ne4 8. Nxe4 Bxe4 9. Bd3 Bxd3 10. Qxd3 c5 11. d5 Nd7 12. a4 a6 13. Ra3 b5 14. axb5 axb5 15. cxb5 Qb6 16. Bd2 Bxb2 17. Ra6 Rxa6 18. bxa6 Ra8 19. Rb1 Rxa6 20. Qe4 Ra1 21. Rxa1 Bxa1 22. Qxe7 Qb1+ 23. Ne1 Ne5 24. Qe8+ Kg7 25. Qa4 c4 26. Qc2 Qb3 27. h3 Kg8 28. Kh2 Nd7 29. e4 Be5+ 30. g3 Nc5 31. Be3 Qxc2 32. Nxc2 Nxe4 33. Na3 c3 34. Nc2 f5 35. Kg2 g5 36. Kf3 Kf7 37. g4 Kg6 38. Bb6 Nf6 39. gxf5+ Kxf5 40. Ne3+ Kg6 41. Ba5 h5 42. Bb4 g4+ 43. hxg4 h4 44. Ba3 h3 45. Nc4 Nxg4 46. Nxe5+ Nxe5+ 47. Kg3 c2 48. Kxh3 Kf5 0-1

[Event "35th European Club Cup 2019"]
[Site "Ulcinj"]
[Date "2019.11.14"]
[Round "5.2"]
[White "Van der Lende, Ilias"]
[Black "Cardon, Helmut"]
[Result "1/2-1/2"]
[ECO "A13"]
[WhiteElo "2408"]
[BlackElo "2398"]
[Annotator "NA"]
[PlyCount "23"]
[EventDate "2019.11.10"]
[EventType "team-tourn"]
[EventCountry "MNE"]
[SourceTitle "playchess.com"]
[Source "ChessBase"]
[SourceQuality "1"]
[WhiteTeam "Kennemer Combinatie"]
[BlackTeam "HWP Sas van Gent"]
[TimeControl "40/5400+30:1800+30"]

1. Nf3 Nf6 2. c4 e6 3. g3 d5 4. Bg2 dxc4 5. Na3 Bxa3 6. bxa3 O-O 7. Bb2 Nbd7 8. Rc1 Nb6 9. O-O Bd7 10. Qc2 Ba4 11. Qb1 h6 12. Qa1 1/2-1/2

[Event "35th European Club Cup 2019"]
[Site "Ulcinj"]
[Date "2019.11.14"]
[Round "5.2"]
[White "Bratkovic, Jakob"]
[Black "Alekseev, Evgeny"]
[Result "0-1"]
[ECO "B32"]
[WhiteElo "2308"]
[BlackElo "2623"]
[Annotator "ChessBase"]
[PlyCount "58"]
[EventDate "2019.11.10"]
[EventType "team-tourn"]
[EventCountry "MNE"]
[SourceTitle "playchess.com"]
[Source "ChessBase"]
[SourceQuality "1"]
[WhiteTeam "Maribor"]
[BlackTeam "Law & Order"]
[TimeControl "40/5400+30:1800+30"]

1. e4 c5 2. Nf3 Nc6 3. d4 cxd4 4. Nxd4 Qb6 5. Nb3 Nf6 6. Nc3 e6 7. Be3 Qc7 8. Qd2 Bb4 9. f3 d5 10. a3 Bxc3 11. Qxc3 dxe4 12. fxe4 O-O 13. Bd3 Ng4 14. Bd2 b6 15. Be2 Nf6 16. Bf3 Bb7 17. O-O-O Rac8 18. h4 Qb8 19. Qe3 Ne5 20. Bb4 Nc4 21. Qe1 Qe5 22. Bc3 Qf4+ 23. Kb1 Nxe4 24. Rd4 f5 25. Bxe4 Bxe4 26. Rd7 Rf7 27. Qd1 Bxc2+ 28. Qxc2 Rxd7 29. Re1 Ne3 0-1

[Event "35th European Club Cup 2019"]
[Site "Ulcinj"]
[Date "2019.11.14"]
[Round "5.3"]
[White "Rakhmanov, Aleksandr"]
[Black "Mikhalchishin, Adrian"]
[Result "1-0"]
[ECO "A05"]
[WhiteElo "2638"]
[BlackElo "2467"]
[Annotator "ChessBase"]
[PlyCount "53"]
[EventDate "2019.11.10"]
[EventType "team-tourn"]
[EventCountry "MNE"]
[SourceTitle "playchess.com"]
[Source "ChessBase"]
[SourceQuality "1"]
[WhiteTeam "Law & Order"]
[BlackTeam "Maribor"]
[TimeControl "40/5400+30:1800+30"]

1. Nf3 Nf6 2. g3 d5 3. Bg2 b5 4. O-O e6 5. d3 Bb7 6. c4 c6 7. cxb5 cxb5 8. a4 b4 9. a5 Na6 10. Nbd2 Bd6 11. e4 Nd7 12. Nd4 O-O 13. exd5 Bxd5 14. Bxd5 exd5 15. N2f3 Ne5 16. Be3 Qf6 17. Rc1 Rac8 18. Rxc8 Rxc8 19. Nxe5 Bxe5 20. Qg4 Ra8 21. Rc1 Nc7 22. Rc6 Qd8 23. Nf5 d4 24. Bf4 h5 25. Nh6+ Kf8 26. Qxh5 Qd7 27. Bxe5 1-0

[Event "35th European Club Cup 2019"]
[Site "Ulcinj"]
[Date "2019.11.14"]
[Round "5.3"]
[White "Verstraeten, Rein"]
[Black "Van Baar, Esper"]
[Result "1-0"]
[ECO "D39"]
[WhiteElo "2379"]
[BlackElo "2176"]
[Annotator "NA"]
[PlyCount "49"]
[EventDate "2019.11.10"]
[EventType "team-tourn"]
[EventCountry "MNE"]
[SourceTitle "playchess.com"]
[Source "ChessBase"]
[SourceQuality "1"]
[WhiteTeam "HWP Sas van Gent"]
[BlackTeam "Kennemer Combinatie"]
[TimeControl "40/5400+30:1800+30"]

1. d4 Nf6 2. c4 e6 3. Nf3 d5 4. Nc3 dxc4 5. Bg5 Bb4 6. e4 c5 7. Bxc4 cxd4 8. Nxd4 Qa5 9. Bb5+ Nbd7 10. Bxf6 Bxc3+ 11. bxc3 Qxc3+ 12. Kf1 gxf6 13. h4 a6 14. Rh3 Qb4 15. Rb1 Qd6 16. Rd3 axb5 17. Nxb5 Qh2 18. Nd6+ Kf8 19. Rh3 Qf4 20. Nxc8 Rxc8 21. Qxd7 Rc2 22. Rf3 Qxh4 23. Qd6+ Kg7 24. Rg3+ Kh6 25. Rh3 1-0

[Event "35th European Club Cup 2019"]
[Site "Ulcinj"]
[Date "2019.11.14"]
[Round "5.4"]
[White "Huzman, Alexander"]
[Black "Olivier, Pierre"]
[Result "1/2-1/2"]
[ECO "A04"]
[WhiteElo "2577"]
[BlackElo "2200"]
[Annotator "ChessBase"]
[PlyCount "86"]
[EventDate "2019.11.10"]
[EventType "team-tourn"]
[EventCountry "MNE"]
[SourceTitle "playchess.com"]
[Source "ChessBase"]
[SourceQuality "1"]
[WhiteTeam "Beer Sheva"]
[BlackTeam "Asnieres"]
[TimeControl "40/5400+30:1800+30"]

1. Nf3 c5 2. b3 d6 3. e4 e5 4. Bb5+ Nc6 5. O-O g6 6. b4 cxb4 7. a3 Bg7 8. axb4 Nge7 9. d3 O-O 10. c3 h6 11. Bc4 a6 12. Nbd2 Rb8 13. b5 axb5 14. Bxb5 Be6 15. Ba3 Qc7 16. Bc4 Bxc4 17. Nxc4 Rfd8 18. Ne3 b5 19. Qb3 Bf6 20. Rfb1 Qd7 21. h3 Bg5 22. Ng4 Kg7 23. Qd1 Ng8 24. d4 exd4 25. Nxg5 hxg5 26. cxd4 d5 27. e5 Qf5 28. Bd6 Rb7 29. Rb3 Rdd7 30. Ra6 Nd8 31. Ne3 Qe4 32. f3 Qh4 33. Ng4 Ne6 34. Bb4 Qg3 35. Bd2 Nf4 36. Bxf4 Qxf4 37. Rc3 b4 38. Re3 b3 39. Rxb3 Rxb3 40. Qxb3 Qxd4+ 41. Qe3 Qxe3+ 42. Nxe3 Re7 43. Nxd5 Rxe5 1/2-1/2

[Event "35th European Club Cup 2019"]
[Site "Ulcinj"]
[Date "2019.11.14"]
[Round "5.5"]
[White "De Schampheleire, Glen"]
[Black "Duijn, Richard"]
[Result "1-0"]
[ECO "A30"]
[WhiteElo "2359"]
[BlackElo "2220"]
[Annotator "NA"]
[PlyCount "47"]
[EventDate "2019.11.10"]
[EventType "team-tourn"]
[EventCountry "MNE"]
[SourceTitle "playchess.com"]
[Source "ChessBase"]
[SourceQuality "1"]
[WhiteTeam "HWP Sas van Gent"]
[BlackTeam "Kennemer Combinatie"]
[TimeControl "40/5400+30:1800+30"]

1. Nf3 Nf6 2. g3 b6 3. Bg2 Bb7 4. O-O e6 5. c4 c5 6. Nc3 Be7 7. Re1 d5 8. cxd5 Nxd5 9. e4 Nb4 10. d4 cxd4 11. Nxd4 O-O 12. Be3 N8c6 13. Nxc6 Nxc6 14. Qa4 Bb4 15. Rac1 Qe7 16. a3 Bxc3 17. Rxc3 Ne5 18. Rec1 Rfb8 19. Bf4 f6 20. Rc7 Qd6 21. Bxe5 fxe5 22. Rd7 Qf8 23. Rcc7 b5 24. Qd1 1-0

[Event "35th European Club Cup 2019"]
[Site "Ulcinj"]
[Date "2019.11.14"]
[Round "5.5"]
[White "Kirszenberg, Marc"]
[Black "Mikhalevski, Victor"]
[Result "0-1"]
[ECO "A66"]
[WhiteElo "2137"]
[BlackElo "2570"]
[Annotator "ChessBase"]
[PlyCount "62"]
[EventDate "2019.11.10"]
[EventType "team-tourn"]
[EventCountry "MNE"]
[SourceTitle "playchess.com"]
[Source "ChessBase"]
[SourceQuality "1"]
[WhiteTeam "Asnieres"]
[BlackTeam "Beer Sheva"]
[TimeControl "40/5400+30:1800+30"]

1. d4 Nf6 2. c4 e6 3. Nc3 c5 4. d5 exd5 5. cxd5 d6 6. e4 g6 7. f4 Bg7 8. e5 Nfd7 9. Ne4 dxe5 10. Nd6+ Ke7 11. Nxc8+ Qxc8 12. Nf3 Rd8 13. fxe5 Nxe5 14. Bg5+ Kf8 15. Bxd8 Qxd8 16. Nxe5 Bxe5 17. Qe2 Qa5+ 18. Qd2 Qa4 19. Be2 Qh4+ 20. Kd1 Nd7 21. Rc1 Rd8 22. Rc4 Bd4 23. Kc1 Nb6 24. Rc2 Nxd5 25. Kb1 Ne3 26. Rcc1 Qf2 27. Rxc5 Bf6 28. Qe1 Rd1+ 29. Qxd1 Nxd1 30. Rc8+ Kg7 31. Rxd1 Qxe2 0-1

[Event "35th European Club Cup 2019"]
[Site "Ulcinj"]
[Date "2019.11.14"]
[Round "5.6"]
[White "Greenfeld, Alon"]
[Black "Moingt, Jean-Claude"]
[Result "1-0"]
[ECO "A43"]
[WhiteElo "2513"]
[BlackElo "2127"]
[Annotator "ChessBase"]
[PlyCount "73"]
[EventDate "2019.11.10"]
[EventType "team-tourn"]
[EventCountry "MNE"]
[SourceTitle "playchess.com"]
[Source "ChessBase"]
[SourceQuality "1"]
[WhiteTeam "Beer Sheva"]
[BlackTeam "Asnieres"]
[TimeControl "40/5400+30:1800+30"]

1. d4 Nf6 2. Nf3 c5 3. d5 b5 4. Bg5 Qb6 5. e3 d6 6. a4 b4 7. a5 Qb7 8. Bc4 g6 9. a6 Qc7 10. c3 Bg7 11. O-O Nbd7 12. Nbd2 O-O 13. e4 Nb6 14. Bb5 Bd7 15. Bxd7 Nbxd7 16. Qe2 bxc3 17. bxc3 h6 18. Bh4 Nb6 19. Rab1 Rab8 20. Qd3 g5 21. Bg3 Nh5 22. Rfc1 Nxg3 23. hxg3 Qc8 24. Nf1 Rd8 25. Ne3 e6 26. dxe6 Qxe6 27. Nf5 d5 28. exd5 Rxd5 29. Qxd5 Nxd5 30. Rxb8+ Kh7 31. Nxg7 Kxg7 32. Rd8 Nc7 33. Re1 Qf6 34. Rd7 Nxa6 35. Ne5 Kg8 36. Nxf7 Kg7 37. Nxg5+ 1-0